 Dungeon Crawl Stone Soup version 0.27-a0-972-gd1521fd (webtiles) character file.

Game seed: 7770531007302116498

30 ChiliFlavouring the Magician (level 3, 0/27 HPs)
             Began as a Djinni Conjurer on Apr 13, 2021.
             Slain by Sigmund
             ... wielding a +0 scythe
              (11 damage)
             ... on level 2 of the Dungeon.
             The game lasted 00:04:16 (1724 turns).

ChiliFlavouring the Magician (Djinni Conjurer)      Turns: 1724, Time: 00:04:16

Health: 0/27       AC:  2    Str:  6    XL:     3   Next: 18%
Gold:   39         EV: 12    Int: 20    God:
                   SH:  0    Dex: 11

rFire    + + .     SeeInvis .   (no weapon)
rCold    x . .     Faith    .   (no shield)
rNeg     . . .     Spirit   .   a - +0 robe
rPois    ∞         Reflect  .   (no helmet)
rElec    .         Harm     .   (no cloak)
rCorr    .         Rampage  .   (no gloves)
Will     .....                  (boots unavailable)
Stlth    ++........             (no amulet)
HPRegen  0.09/turn              (no ring)
MPRegen  0.00/turn              (no ring)

@: flying
A: fire resistance 2, cold vulnerability 1, float, innate caster, hp casting,
extra vitality 1
a: no special abilities


You were on level 2 of the Dungeon.
You visited 1 branch of the dungeon, and saw 2 of its levels.

You collected 39 gold pieces.

Inventory:

Armour
 a - a +0 robe (worn)
Jewellery
 e - a +6 ring of strength
Scrolls
 b - a scroll of summoning {unknown}
 c - a scroll of identify {unknown}
Potions
 d - a potion of lignification {unknown}


   Skills:
 + Level 1.2 Fighting
 + Level 2.8 Dodging
 - Level 1.6 Stealth
 + Level 3.9 Spellcasting


You couldn't memorise any spells.
You knew the following spells:

 Your Spells              Type           Power      Damage    Failure   Level
a - Magic Dart            Conj           76%        1d6       2%          1
b - Searing Ray           Conj           38%        3d4       4%          2
c - Dazzling Flash        Conj/Hex       38%        N/A       8%          3
d - Fulminant Prism       Conj/Hex       9%         3d7       26%         4
e - Iskenderun's Mystic   Conj/Tloc      19%        2d6       26%         4
f - Freeze                Ice            76%        1d9       2%          1
Your spell library was empty.

Dungeon Overview and Level Annotations

Branches:
Dungeon (2/15)

Altars:

Annotations:
D:2 Sigmund


Innate Abilities, Weirdness & Mutations

You are immune to poison.
Your flesh is very heat resistant. (rF++)
You are vulnerable to cold. (rC-)
You float through the air rather than walking.
You learn spells naturally, not from books.
Your magical power is your life essence.
You have superior vitality. (+4 HP)


Message History

[Y]es or [N]o only, please.
That beam is likely to hit you.
Continue anyway?
Okay, then.
Casting: Magic Dart (safe; 2% risk of failure)
Confirm with . or Enter, or press ? or * to list all spells.
Aiming: Searing Ray (safe; 4% risk of failure)
Press: ? - help, Shift-Dir - straight line, f - Sigmund
Aim: Sigmund, wielding a +0 scythe and wearing a +0 robe (lightly wounded, 25% to evade)
The searing ray hits Sigmund.
Sigmund is moderately wounded. (Press . to maintain the ray.) Sigmund gestures at you while chanting.
You resist with some effort.
The searing ray hits Sigmund.
Sigmund is moderately wounded.
Sigmund points at you and mumbles some strange words.
You are confused.
Sigmund screams, "You will never...
NEVER!!!"
Sigmund closely misses you.
You're too confused to cast spells.
Sigmund screams, "Only death can liberate you!"
Sigmund points at you and mumbles some strange words.
You resist with some effort.
You bump into the rock wall.
Sigmund gestures at you while chanting. You resist with some effort.
You bump into the rock wall.
Sigmund closely misses you.
You're too confused to move!
Sigmund hits you with a +0 scythe!
You feel less confused.
Sigmund hits you from afar with a +0 scythe.
Casting: Searing Ray (safe; 4% risk of failure)
Confirm with . or Enter, or press ? or * to list all spells.
Aiming: Searing Ray (safe; 4% risk of failure)
Press: ? - help, Shift-Dir - straight line, f/p - Sigmund
Aim: Sigmund, wielding a +0 scythe and wearing a +0 robe (moderately wounded, 25% to evade)
The searing ray hits Sigmund.
Sigmund is heavily wounded. (Press . to maintain the ray.) Sigmund hits you from afar with a +0 scythe!
You die...

. #..# #.#.. .
#..# #.#.# .
#..####.#.# .
##..@......# [
#..........# .
#..#####...#
.....
#@#.#######
###.#
#.###..##.# #.
#@# #..##.# #.
#.# #..##.# ..
#. #.###.....#
.. #......####
. #####..# ##
##
#####..#######.
.. .# #
#....>.........
.#.#.#
#.####.#######.
' ###...#.####
## #.#


You could see Sigmund.

Vanquished Creatures
  A worm (D:2)
  A ball python (D:1)
  3 endoplasms
  A giant cockroach (D:1)
  7 goblins
  4 hobgoblins (D:2)
  2 kobolds
  A quokka (D:1)
  A bat (D:2)
21 creatures vanquished.

Notes
Turn   | Place    | Note
-------+----------+-------------------------------------------
     0 | D:1      | ChiliFlavouring the Djinni Conjurer began the quest for the
                  | Orb.
     0 | D:1      | Reached XP level 1. HP: 15/15 MP: 0/0
   502 | D:1      | Reached XP level 2. HP: 19/22 MP: 0/0
  1270 | D:2      | Reached skill level 1 in Fighting
  1481 | D:2      | Reached XP level 3. HP: 22/27 MP: 0/0
  1481 | D:2      | Learned a level 1 spell: Freeze
  1700 | D:2      | Noticed Sigmund
  1724 | D:2      | Slain by Sigmund

Illustrated notes

Levels and vault maps discovered:
D:1:      matt_arrival_los_fun, layout_loops_corners, chequers_mini_garden,
          corexii_corridor_pit
D:2:      cheibrodos_greedy_goblins, layout_loops_ring, serial_shops, shop,
          shapermc_ecumenical_altar_mp_vishouse, uniq_terence, uniq_sigmund

Skill      XL: |  1  2 |
---------------+-------+-----
Fighting       | 1 |  1.2
Dodging        | |  2.8
Stealth        | |  1.6
Spellcasting   | |  3.9

Action                   || total
-------------------------++-------
 Cast: Magic Dart        ||    53
       Freeze            ||     3
       Searing Ray       ||     2
Dodge: Dodged            ||     6

Table legend: (Time is in decaauts)
 A = Elapsed time spent in this place.
 B = Non-inter-level travel time spent in this place.
 C = Inter-level travel time spent in this place.
 D = Time resting spent in this place.
 E = Time spent auto-exploring this place.
 F = Levels seen in this place.
 G = Mean time per level.
                   A        B        C        D        E       F      G
               +--------+--------+--------+--------+--------+-----+--------+
         Total |   1723 |   1708 |     15 |    294 |   1255 |   2 |  861.5 |
       Dungeon |   1723 |   1708 |     15 |    294 |   1255 |   2 |  861.5 |
               +--------+--------+--------+--------+--------+-----+--------+

Top non-repeatable levels by time:
     D:1: 1150 daAuts
     D:2: 573 daAuts
